Jets vs Nordiques
Created - 2 décembre 2014 at 19:07
Goals
|
Jets |
0 |
1 |
4 |
5 |
Nordiques |
0 |
1 |
1 |
2 |
|
Shots
|
Jets |
8 |
6 |
24 |
38 |
Nordiques |
10 |
10 |
7 |
27 |
|
1st period
No Goal
Penalties :
No Penalty
2nd period
1. Jets , Michal Rozsival 6 (Ales Kotalik) at 8:42
2. Nordiques , Bryan McCabe 3 (Jonathan Cheechoo) at 19:43
Penalties :
Pierre-Marc Bouchard (Que) for Hooking (Minor) at 0:57, Dustin Brown (Win) for Holding (Minor) at 6:14, Marek Zidlicky (Win) for Hooking (Minor) at 11:40
3rd period
3. Nordiques , Andrei Kostitsyn 9 (Pierre-Marc Bouchard, Jordan Eberle) at 4:00 (PP)
4. Jets , Adam Burish 14 (Jussi Jokinen, Ilya Bryzgalov) at 8:01 (PP)
5. Jets , Derek Roy 14 (Marek Zidlicky, Benoit Pouliot) at 10:02
6. Jets , Fredrik Sjostrom 10 (Michal Rozsival, Ales Kotalik) at 16:21
7. Jets , Greg Campbell 6 (Michal Rozsival) at 16:27
Penalties :
Jordan Leopold (Que) for Tripping (Minor) at 1:10, Marek Zidlicky (Win) for Hooking (Minor) at 3:48, Mattias Weinhandl (Que) for Hooking (Minor) at 7:31, Rickard Wallin (Que) for Holding (Minor) at 17:15, Ryan Bayda (Que) for Hooking (Minor) at 19:38
Goalie Stats
Ilya Bryzgalov (Win), 25 saves from 27 shots - (0,926), W, 7-5-0, 60:00 minutes
Jean-Sébastien Giguère (Que), 33 saves from 38 shots - (0,868), L, 8-12-1, 60:00 minutes
Players Stats for Jets
Player Name G A P +/- PIM S H SB GA TA FO MP PP MP PK MP
------------------------------------------------------------------------------------
Adam Burish 1 0 1 0 0 5 1 0 0 1 0/1 19:08 2:51 2:43
Ales Kotalik 0 2 2 3 0 1 0 0 0 0 0/0 12:33 0:19 1:01
Benoit Pouliot 0 1 1 0 0 4 1 0 1 1 1/4 21:07 3:38 0:26
Colin White 0 0 0 0 0 1 0 5 1 1 0/0 14:30 0:00 0:17
Darroll Powe 0 0 0 0 0 0 0 0 0 0 2/4 7:18 0:00 0:00
Derek Roy 1 0 1 0 0 5 2 1 1 0 12/36 23:48 3:38 2:43
Dmitri Kalinin 0 0 0 0 0 2 1 0 0 0 0/0 18:06 3:07 0:00
Dustin Brown 0 0 0 1 2 2 1 2 0 0 4/4 21:09 3:38 0:00
Eric Fehr 0 0 0 0 0 0 0 0 0 0 0/0 7:31 0:19 0:00
Fredrik Sjostrom 1 0 1 2 0 1 2 0 1 0 0/0 10:55 0:00 0:26
Greg Campbell 1 0 1 3 0 1 2 0 1 0 3/6 12:39 0:19 1:01
Jussi Jokinen 0 1 1 0 0 5 0 0 1 1 1/1 15:49 2:51 0:00
Marek Zidlicky 0 1 1 2 4 1 0 0 1 2 0/0 24:14 3:07 0:39
Mark Streit 0 0 0 1 0 0 1 0 1 1 0/0 22:05 3:41 3:14
Michal Rozsival 1 2 3 3 0 4 1 2 0 0 0/0 28:41 3:41 2:52
Mikko Koivu 0 0 0 0 0 3 1 0 0 1 4/11 15:49 2:51 0:00
Tom Preissing 0 0 0 0 0 1 0 4 0 0 0/0 13:13 0:00 1:18
Tuomo Ruutu 0 0 0 0 0 2 1 0 0 0 0/0 7:12 0:00 0:00
Players Stats for Nordiques
Player Name G A P +/- PIM S H SB GA TA FO MP PP MP PK MP
------------------------------------------------------------------------------------
Andrei Kostitsyn 1 0 1 -3 0 7 6 1 3 1 1/2 20:48 2:02 1:23
Bryan McCabe 1 0 1 -1 0 3 0 0 2 2 0/0 28:05 3:07 3:39
Chris Pronger 0 0 0 -1 0 4 2 1 1 0 0/0 28:08 3:07 3:22
Ed Jovanovski 0 0 0 -2 0 1 2 3 0 0 0/0 11:24 0:00 0:00
Jeff Halpern 0 0 0 0 0 0 0 0 0 1 4/6 8:54 0:12 1:45
Jonathan Cheechoo 0 1 1 0 0 1 0 0 0 0 0/0 6:57 0:00 0:00
Jordan Eberle 0 1 1 -3 0 1 0 0 0 0 3/5 20:38 2:02 1:04
Jordan Leopold 0 0 0 0 2 0 0 0 0 1 0/0 19:15 1:03 2:14
Mattias Weinhandl 0 0 0 0 2 2 2 0 0 0 0/0 10:40 0:12 0:00
Mike York 0 0 0 0 0 1 2 1 0 0 0/0 11:00 0:12 0:15
Nick Schultz 0 0 0 -2 0 0 0 4 0 1 0/0 12:39 0:00 0:55
Patrik Elias 0 0 0 0 0 3 2 2 0 0 0/0 20:02 1:56 4:06
Peter Prucha 0 0 0 0 0 0 1 1 2 1 2/3 16:03 1:56 0:00
Pierre-Marc Bouchard 0 1 1 -3 2 1 0 0 0 0 24/39 22:37 2:02 2:58
Rickard Wallin 0 0 0 0 2 1 0 0 0 0 2/3 11:19 0:00 0:49
Ryan Bayda 0 0 0 0 2 1 1 0 0 0 0/0 6:56 0:00 0:00
Tyler Arnason 0 0 0 0 0 0 2 0 0 0 4/9 17:14 1:56 1:16
William Colbert 0 0 0 0 0 1 1 1 0 1 0/0 20:28 1:03 3:26
3 Stars
1 - Michal Rozsival (Win)
2 - Greg Campbell (Win)
3 - Fredrik Sjostrom (Win)
Power Play
Jets - 1 on 5 Attempt(s) - 20,00%
Nordiques - 1 on 3 Attempt(s) - 33,33%
Penalty Kill
Jets - 2 on 3 Attempt(s) - 66,67%
- Score 0 goal in Penalty Kill
Nordiques - 4 on 5 Attempt(s) - 80,00%
- Score 0 goal in Penalty Kill
Official
Referees : Leggo Mike and Pollock Kevin
Linesman : Andy McElman and Darren Gibbs
Game Notes
No Game Note
Finance
Level 1 -- Attendance: 5040 (84,00%) -- Ticket Income 428 400 $
Level 2 -- Attendance: 4314 (86,28%) -- Ticket Income 215 700 $
Level 3 -- Attendance: 1183 (59,15%) -- Ticket Income 47 320 $
Level 4 -- Attendance: 2547 (63,68%) -- Ticket Income 63 675 $
Luxury Box -- Attendance: 910 (91,00%) -- Ticket Income 131 950 $
Game was played at the Colisé Pepsi
Total Attendance: 13994 (77,74%)
Total Ticket Income: 887 045 $
Other Income: 133 057 $
Total Income: 1 020 102 $
Jets
5 vs 5 Forward
Center Left Wing Right Wing Time % Phy DF OF
1 Derek Roy Benoit Pouliot Dustin Brown 39 1 2 2
2 Mikko Koivu Jussi Jokinen Adam Burish 28 1 2 2
3 Greg Campbell Fredrik Sjostrom Ales Kotalik 23 1 2 2
4 Darroll Powe Tuomo Ruutu Eric Fehr 10 1 2 2
5 vs 5 Defense
Defense Defense Time % Phy DF OF
1 Michal Rozsival Marek Zidlicky 40 1 2 2
2 Mark Streit Dmitri Kalinin 30 1 2 2
3 Tom Preissing Colin White 20 1 2 2
4 Michal Rozsival Colin White 10 1 2 2
PowerPlay Forward
Center Left Wing Right Wing Time % Phy DF OF
1 Derek Roy Benoit Pouliot Dustin Brown 60 1 1 3
2 Mikko Koivu Jussi Jokinen Adam Burish 40 1 1 3
PowerPlay Defense
Defense Defense Time % Phy DF OF
1 Michal Rozsival Mark Streit 60 1 1 3
2 Dmitri Kalinin Marek Zidlicky 40 1 1 3
Penalty Kill 4 Players Forward
Center Wing Time % Phy DF OF
1 Derek Roy Adam Burish 60 1 3 1
2 Greg Campbell Ales Kotalik 40 1 3 1
Penalty Kill 4 Players Defense
Defense Defense Time % Phy DF OF
1 Mark Streit Michal Rozsival 60 1 4 0
2 Marek Zidlicky Tom Preissing 40 1 4 0
Penalty Kill - 3 Players Forward
Forward Time % Phy DF OF
1 Derek Roy 60 0 4 1
2 Greg Campbell 40 0 4 1
Penalty Kill - 3 Players Defense
Defense Defense Time % Phy DF OF
1 Mark Streit Michal Rozsival 60 1 4 0
2 Tom Preissing Marek Zidlicky 40 1 4 0
4 vs 4 Forward
Center Wing Time % Phy DF OF
1 Derek Roy Benoit Pouliot 60 1 2 2
2 Mikko Koivu Dustin Brown 40 1 2 2
4 vs 4 Defense
Defense Defense Time % Phy DF OF
1 Tom Preissing Michal Rozsival 60 1 2 2
2 Mark Streit Marek Zidlicky 40 1 2 2
Last Minutes Offensive
Center Left Wing Right Wing Defense Defense
Derek Roy Benoit Pouliot Dustin Brown Mark Streit Michal Rozsival
Last Minutes Defensive
Center Left Wing Right Wing Defense Defense
Greg Campbell Jussi Jokinen Ales Kotalik Dmitri Kalinin Michal Rozsival
Goaltenders
Starting : Ilya Bryzgalov
Backup : Maxime Daigneault
Extra Forwards
Normal : Greg Campbell, Ales Kotalik, Fredrik Sjostrom - PP : Greg Campbell, Ales Kotalik - PK : Fredrik Sjostrom
Extra Defensemen
Normal : Tom Preissing, Mark Streit, Marek Zidlicky - PP : Mark Streit - PK : Marek Zidlicky, Mark Streit
Penalty Shots
Benoit Pouliot, Derek Roy, Mikko Koivu, Ales Kotalik, Adam Burish
Nordiques
5 vs 5 Forward
Center Left Wing Right Wing Time % Phy DF OF
1 Pierre-Marc Bouchard Andrei Kostitsyn Jordan Eberle 40 0 2 3
2 Tyler Arnason Patrik Elias Peter Prucha 30 0 2 3
3 Rickard Wallin Mike York Mattias Weinhandl 20 1 2 2
4 Jeff Halpern Ryan Bayda Jonathan Cheechoo 10 1 2 2
5 vs 5 Defense
Defense Defense Time % Phy DF OF
1 Chris Pronger Bryan McCabe 40 0 2 3
2 William Colbert Jordan Leopold 30 0 2 3
3 Ed Jovanovski Nick Schultz 20 1 2 2
4 Chris Pronger Bryan McCabe 10 1 2 2
PowerPlay Forward
Center Left Wing Right Wing Time % Phy DF OF
1 Pierre-Marc Bouchard Andrei Kostitsyn Jordan Eberle 60 0 1 4
2 Tyler Arnason Patrik Elias Peter Prucha 40 0 1 4
PowerPlay Defense
Defense Defense Time % Phy DF OF
1 Chris Pronger Bryan McCabe 60 0 2 3
2 William Colbert Jordan Leopold 40 0 2 3
Penalty Kill 4 Players Forward
Center Wing Time % Phy DF OF
1 Pierre-Marc Bouchard Patrik Elias 60 1 3 1
2 Tyler Arnason Jordan Eberle 40 1 3 1
Penalty Kill 4 Players Defense
Defense Defense Time % Phy DF OF
1 Chris Pronger Bryan McCabe 60 1 3 1
2 William Colbert Jordan Leopold 40 1 3 1
Penalty Kill - 3 Players Forward
Forward Time % Phy DF OF
1 Pierre-Marc Bouchard 60 1 3 1
2 Jordan Eberle 40 1 3 1
Penalty Kill - 3 Players Defense
Defense Defense Time % Phy DF OF
1 Chris Pronger Bryan McCabe 60 1 3 1
2 William Colbert Jordan Leopold 40 1 3 1
4 vs 4 Forward
Center Wing Time % Phy DF OF
1 Pierre-Marc Bouchard Andrei Kostitsyn 60 0 2 3
2 Tyler Arnason Patrik Elias 40 0 2 3
4 vs 4 Defense
Defense Defense Time % Phy DF OF
1 Chris Pronger Bryan McCabe 60 1 2 2
2 William Colbert Jordan Leopold 40 1 2 2
Last Minutes Offensive
Center Left Wing Right Wing Defense Defense
Pierre-Marc Bouchard Andrei Kostitsyn Peter Prucha Chris Pronger Bryan McCabe
Last Minutes Defensive
Center Left Wing Right Wing Defense Defense
Pierre-Marc Bouchard Andrei Kostitsyn Peter Prucha Chris Pronger Bryan McCabe
Goaltenders
Starting : Jean-Sébastien Giguère
Backup : Mike Smith
Extra Forwards
Normal : Peter Prucha, Pierre-Marc Bouchard, Andrei Kostitsyn - PP : Peter Prucha, Jordan Eberle - PK : Pierre-Marc Bouchard
Extra Defensemen
Normal : Ed Jovanovski, Bryan McCabe, William Colbert - PP : Ed Jovanovski - PK : Nick Schultz, William Colbert
Penalty Shots
Andrei Kostitsyn, Pierre-Marc Bouchard, Jordan Eberle, Peter Prucha, Patrik Elias
% Time on Ice - Jets
Lines # - Real PCT - Wanted PCT - Time Play
Normal Forward
1 - 37% - 39% - 17:54
2 - 27% - 28% - 13:27
3 - 21% - 23% - 10:29
4 - 15% - 10% - 7:12
Normal Defense
1 - 40% - 40% - 19:50
2 - 33% - 30% - 16:09
3 - 22% - 20% - 10:45
4 - 5% - 10% - 2:18
PP Forward
1 - 58% - 60% - 3:57
2 - 42% - 40% - 2:51
PP Defense
1 - 54% - 60% - 3:41
2 - 46% - 40% - 3:07
PK Forward
1 - 76% - 60% - 3:09
2 - 24% - 40% - 1:01
PK Defense
1 - 69% - 60% - 2:52
2 - 31% - 40% - 1:18
PK3 Forward
1 - 0% - 60%
2 - 0% - 40%
PK3 Defense
1 - 0% - 60%
2 - 0% - 40%
44 Forward
1 - 0% - 60%
2 - 0% - 40%
44 Defense
1 - 0% - 60%
2 - 0% - 40%
Last Minute Offensive - 0:00
Last Minute Defensive - 0:00
Total
Forward - 60:00
Defense - 60:00
|
% Time on Ice - Nordiques
Lines # - Real PCT - Wanted PCT - Time Play
Normal Forward
1 - 36% - 40% - 17:38
2 - 28% - 30% - 13:58
3 - 21% - 20% - 10:29
4 - 14% - 10% - 6:57
Normal Defense
1 - 38% - 40% - 18:34
2 - 33% - 30% - 16:19
3 - 23% - 20% - 11:24
4 - 6% - 10% - 2:45
PP Forward
1 - 54% - 60% - 2:14
2 - 46% - 40% - 1:56
PP Defense
1 - 75% - 60% - 3:07
2 - 25% - 40% - 1:03
PK Forward
1 - 84% - 60% - 5:44
2 - 16% - 40% - 1:04
PK Defense
1 - 49% - 60% - 3:19
2 - 51% - 40% - 3:29
PK3 Forward
1 - 0% - 60%
2 - 0% - 40%
PK3 Defense
1 - 0% - 60%
2 - 0% - 40%
44 Forward
1 - 0% - 60%
2 - 0% - 40%
44 Defense
1 - 0% - 60%
2 - 0% - 40%
Last Minute Offensive - 0:00
Last Minute Defensive - 0:00
Total
Forward - 60:00
Defense - 60:00
|
Play by Play
1st period
0:01 of 1st period - Derek Roy wins face-off versus Andrei Kostitsyn in neutral zone.
0:51 of 1st period - Jordan Leopold is hit by Greg Campbell.
1:17 of 1st period - Snap shot by Jonathan Cheechoo.
1:17 of 1st period - Stopped by Ilya Bryzgalov with a rebound.
1:53 of 1st period - Off-side.
1:54 of 1st period - Mikko Koivu wins face-off versus Tyler Arnason in neutral zone.
2:01 of 1st period - Wrist shot by Jussi Jokinen.
2:01 of 1st period - Shot Misses the Net.
2:03 of 1st period - Snap shot by Colin White.
2:03 of 1st period - Shot Blocked by Patrik Elias.
2:21 of 1st period - Wrist shot by Jussi Jokinen.
2:21 of 1st period - Stopped by Jean-Sébastien Giguère with a rebound.
2:43 of 1st period - Snap shot by Tyler Arnason.
2:43 of 1st period - Shot Misses the Net.
3:06 of 1st period - Icing by William Colbert.
3:07 of 1st period - Tyler Arnason wins face-off versus Derek Roy in Nordiques zone.
3:34 of 1st period - Wrist shot by Patrik Elias.
3:34 of 1st period - Shot Misses the Net.
3:40 of 1st period - Slapshot by Tyler Arnason.
3:40 of 1st period - Shot Misses the Net.
3:42 of 1st period - Wrist shot by Peter Prucha.
3:42 of 1st period - Shot Blocked by Derek Roy.
3:48 of 1st period - Snap shot by Patrik Elias.
3:48 of 1st period - Stopped by Ilya Bryzgalov with a rebound.
3:50 of 1st period - Slapshot by William Colbert.
3:50 of 1st period - Shot Blocked by Colin White.
3:52 of 1st period - Snap shot by Tyler Arnason.
3:52 of 1st period - Shot Blocked by Dustin Brown.
4:00 of 1st period - Snap shot by Peter Prucha.
4:00 of 1st period - Shot Misses the Net.
4:02 of 1st period - Slapshot by William Colbert.
4:02 of 1st period - Shot Blocked by Colin White.
4:04 of 1st period - Slapshot by William Colbert.
4:04 of 1st period - Shot Blocked by Colin White.
4:06 of 1st period - Backhand shot by Jordan Leopold.
4:06 of 1st period - Shot Misses the Net.
4:08 of 1st period - Slapshot by William Colbert.
4:08 of 1st period - Stopped by Ilya Bryzgalov with a rebound.
4:10 of 1st period - Snap shot by Peter Prucha.
4:10 of 1st period - Shot Blocked by Tom Preissing.
4:26 of 1st period - Snap shot by Patrik Elias.
4:26 of 1st period - Shot Misses the Net.
4:56 of 1st period - Snap shot by Tyler Arnason.
4:56 of 1st period - Deflect By Peter Prucha.
4:56 of 1st period - Shot Blocked by Tom Preissing.
4:56 of 1st period - Puck is out of play.
4:57 of 1st period - Greg Campbell wins face-off versus Pierre-Marc Bouchard in Jets zone.
5:10 of 1st period - Snap shot by Ales Kotalik.
5:10 of 1st period - Shot Misses the Net.
5:28 of 1st period - Icing by Dmitri Kalinin.
5:29 of 1st period - Darroll Powe wins face-off versus Pierre-Marc Bouchard in Jets zone.
5:42 of 1st period - Tuomo Ruutu is hit by Andrei Kostitsyn.
6:09 of 1st period - Rickard Wallin is hit by Mark Streit and loses puck.
7:29 of 1st period - Wrist shot by Mattias Weinhandl.
7:29 of 1st period - Stopped by Ilya Bryzgalov with a rebound.
7:31 of 1st period - Wrist shot by Ed Jovanovski.
7:31 of 1st period - Stopped by Ilya Bryzgalov without a rebound.
7:32 of 1st period - Jordan Eberle wins face-off versus Mikko Koivu in Jets zone.
7:33 of 1st period - Snap shot by Pierre-Marc Bouchard.
7:33 of 1st period - Shot Misses the Net.
7:45 of 1st period - Wrist shot by Jussi Jokinen.
7:45 of 1st period - Deflect By Mikko Koivu.
7:45 of 1st period - Stopped by Jean-Sébastien Giguère without a rebound.
7:46 of 1st period - Derek Roy wins face-off versus Pierre-Marc Bouchard in Nordiques zone.
7:51 of 1st period - Slapshot by Benoit Pouliot.
7:51 of 1st period - Stopped by Jean-Sébastien Giguère without a rebound.
7:52 of 1st period - Dustin Brown wins face-off versus Pierre-Marc Bouchard in Nordiques zone.
7:55 of 1st period - Snap shot by Benoit Pouliot.
7:55 of 1st period - Stopped by Jean-Sébastien Giguère with a rebound.
8:07 of 1st period - Snap shot by Dustin Brown.
8:07 of 1st period - Stopped by Jean-Sébastien Giguère without a rebound.
8:08 of 1st period - Jeff Halpern wins face-off versus Adam Burish in Nordiques zone.
8:56 of 1st period - Icing by Marek Zidlicky.
8:57 of 1st period - Darroll Powe wins face-off versus Tyler Arnason in Jets zone.
9:04 of 1st period - Wrist shot by Michal Rozsival.
9:04 of 1st period - Shot Misses the Net.
9:21 of 1st period - Off-side.
9:22 of 1st period - Pierre-Marc Bouchard wins face-off versus Benoit Pouliot in neutral zone.
9:25 of 1st period - Colin White is hit by Andrei Kostitsyn and loses puck.
9:51 of 1st period - Off-side.
9:52 of 1st period - Jeff Halpern wins face-off versus Mikko Koivu in neutral zone.
10:23 of 1st period - Snap shot by Ryan Bayda.
10:23 of 1st period - Stopped by Ilya Bryzgalov with a rebound.
10:53 of 1st period - Slapshot by Bryan McCabe.
10:53 of 1st period - Deflect By Jussi Jokinen.
10:53 of 1st period - Stopped by Ilya Bryzgalov without a rebound.
10:54 of 1st period - Derek Roy wins face-off versus Jordan Eberle in Jets zone.
10:54 of 1st period - Derek Roy is hit by Andrei Kostitsyn.
11:26 of 1st period - Snap shot by Mike York.
11:26 of 1st period - Shot Misses the Net.
12:02 of 1st period - Derek Roy is hit by Chris Pronger and loses puck.
12:13 of 1st period - Snap shot by Mattias Weinhandl.
12:13 of 1st period - Shot Misses the Net.
12:21 of 1st period - Dmitri Kalinin is hit by Mike York.
12:22 of 1st period - Icing by Dmitri Kalinin.
12:23 of 1st period - Pierre-Marc Bouchard wins face-off versus Greg Campbell in Jets zone.
12:34 of 1st period - Slapshot by Andrei Kostitsyn.
12:34 of 1st period - Deflect By Mark Streit.
12:34 of 1st period - Shot Misses the Net.
12:34 of 1st period - Puck is out of play.
12:35 of 1st period - Dustin Brown wins face-off versus Jordan Eberle in Jets zone.
13:08 of 1st period - Wrist shot by Mikko Koivu.
13:08 of 1st period - Stopped by Jean-Sébastien Giguère with a rebound.
13:10 of 1st period - Slapshot by Colin White.
13:10 of 1st period - Stopped by Jean-Sébastien Giguère with a rebound.
13:26 of 1st period - Backhand shot by Patrik Elias.
13:26 of 1st period - Shot Misses the Net.
13:32 of 1st period - Chris Pronger is hit by Fredrik Sjostrom and loses puck.
13:55 of 1st period - Icing by Colin White.
13:56 of 1st period - Rickard Wallin wins face-off versus Darroll Powe in Jets zone.
13:57 of 1st period - Slapshot by Mike York.
13:57 of 1st period - Deflect By Tom Preissing.
13:57 of 1st period - Shot Misses the Net.
13:57 of 1st period - Puck is out of play.
13:58 of 1st period - Rickard Wallin wins face-off versus Derek Roy in Jets zone.
14:38 of 1st period - Wrist shot by Mikko Koivu.
14:38 of 1st period - Stopped by Jean-Sébastien Giguère without a rebound.
14:39 of 1st period - Pierre-Marc Bouchard wins face-off versus Greg Campbell in Nordiques zone.
15:04 of 1st period - Tom Preissing is hit by Patrik Elias and loses puck.
15:34 of 1st period - Icing by Chris Pronger.
15:35 of 1st period - Derek Roy wins face-off versus Jeff Halpern in Nordiques zone.
16:01 of 1st period - Snap shot by Bryan McCabe.
16:01 of 1st period - Shot Misses the Net.
16:03 of 1st period - Slapshot by Bryan McCabe.
16:03 of 1st period - Shot Misses the Net.
16:23 of 1st period - Snap shot by Chris Pronger.
16:23 of 1st period - Stopped by Ilya Bryzgalov with a rebound.
17:15 of 1st period - Dustin Brown is hit by Andrei Kostitsyn and loses puck.
17:28 of 1st period - Snap shot by Mikko Koivu.
17:28 of 1st period - Shot Hit the Post.
18:20 of 1st period - Wrist shot by Mattias Weinhandl.
18:20 of 1st period - Shot Blocked by Michal Rozsival.
18:22 of 1st period - Snap shot by Jordan Leopold.
18:22 of 1st period - Shot Blocked by Michal Rozsival.
18:48 of 1st period - Off-side.
18:49 of 1st period - Derek Roy wins face-off versus Jeff Halpern in neutral zone.
18:54 of 1st period - Wrist shot by Derek Roy.
18:54 of 1st period - Shot Blocked by Nick Schultz.
19:03 of 1st period - Snap shot by Benoit Pouliot.
19:03 of 1st period - Shot Misses the Net.
19:05 of 1st period - Wrist shot by Derek Roy.
19:05 of 1st period - Shot Blocked by Nick Schultz.
19:46 of 1st period - Wrist shot by Andrei Kostitsyn.
19:46 of 1st period - Stopped by Ilya Bryzgalov with a rebound.
19:48 of 1st period - Wrist shot by Pierre-Marc Bouchard.
19:48 of 1st period - Stopped by Ilya Bryzgalov without a rebound.
19:49 of 1st period - Tyler Arnason wins face-off versus Derek Roy in Jets zone.
Goals for this period are 0 for Jets vs 0 for Nordiques.
Shots for this period are 8 for Jets vs 10 for Nordiques.
2nd period
0:01 of 2nd period - Andrei Kostitsyn wins face-off versus Derek Roy in neutral zone.
0:06 of 2nd period - Snap shot by Chris Pronger.
0:06 of 2nd period - Deflect By Benoit Pouliot.
0:06 of 2nd period - Stopped by Ilya Bryzgalov without a rebound.
0:07 of 2nd period - Derek Roy wins face-off versus Pierre-Marc Bouchard in Jets zone.
0:22 of 2nd period - Snap shot by Andrei Kostitsyn.
0:22 of 2nd period - Stopped by Ilya Bryzgalov without a rebound.
0:23 of 2nd period - Mikko Koivu wins face-off versus Tyler Arnason in Jets zone.
0:35 of 2nd period - Off-side.
0:36 of 2nd period - Pierre-Marc Bouchard wins face-off versus Benoit Pouliot in neutral zone.
0:57 of 2nd period - Minor Penalty to Pierre-Marc Bouchard for Hooking.
0:58 of 2nd period - Jeff Halpern wins face-off versus Derek Roy in Nordiques zone.
1:23 of 2nd period - Michal Rozsival is hit by Patrik Elias and loses puck.
1:52 of 2nd period - William Colbert is hit by Derek Roy and loses puck.
2:57 of 2nd period - Penalty to Pierre-Marc Bouchard is over, Pierre-Marc Bouchard is back on ice.
3:25 of 2nd period - Colin White is hit by Tyler Arnason and loses puck.
3:47 of 2nd period - Backhand shot by Greg Campbell.
3:47 of 2nd period - Shot Misses the Net.
4:23 of 2nd period - Tuomo Ruutu is hit by Ed Jovanovski and loses puck.
4:45 of 2nd period - Tom Preissing is hit by William Colbert and loses puck.
5:18 of 2nd period - Ed Jovanovski is hit by Benoit Pouliot and loses puck.
5:34 of 2nd period - Icing by Nick Schultz.
5:35 of 2nd period - Pierre-Marc Bouchard wins face-off versus Darroll Powe in Nordiques zone.
6:08 of 2nd period - Wrist shot by Mike York.
6:08 of 2nd period - Shot Blocked by Dustin Brown.
6:14 of 2nd period - Minor Penalty to Dustin Brown for Holding.
6:15 of 2nd period - Pierre-Marc Bouchard wins face-off versus Derek Roy in Jets zone.
6:16 of 2nd period - Snap shot by Andrei Kostitsyn.
6:16 of 2nd period - Shot Misses the Net.
6:18 of 2nd period - Slapshot by Chris Pronger.
6:18 of 2nd period - Deflect By Michal Rozsival.
6:18 of 2nd period - Stopped by Ilya Bryzgalov with a rebound.
6:20 of 2nd period - Snap shot by Chris Pronger.
6:20 of 2nd period - Stopped by Ilya Bryzgalov with a rebound.
6:30 of 2nd period - Slapshot by Pierre-Marc Bouchard.
6:30 of 2nd period - Shot Misses the Net.
6:46 of 2nd period - Snap shot by Peter Prucha.
6:46 of 2nd period - Shot Misses the Net.
8:14 of 2nd period - Penalty to Dustin Brown is over, Dustin Brown is back on ice.
8:27 of 2nd period - Ales Kotalik is hit by Ryan Bayda and loses puck.
8:40 of 2nd period - Slapshot by Michal Rozsival.
8:40 of 2nd period - Stopped by Jean-Sébastien Giguère with a rebound.
8:42 of 2nd period - Wrist shot by Michal Rozsival.
8:42 of 2nd period - Goal by Michal Rozsival - Jets : 1 - Nordiques : 0.
8:43 of 2nd period - Derek Roy wins face-off versus Pierre-Marc Bouchard in neutral zone.
8:53 of 2nd period - Icing by Andrei Kostitsyn.
8:54 of 2nd period - Pierre-Marc Bouchard wins face-off versus Derek Roy in Nordiques zone.
8:54 of 2nd period - Pierre-Marc Bouchard is hit by Dustin Brown.
9:01 of 2nd period - Off-side.
9:02 of 2nd period - Pierre-Marc Bouchard wins face-off versus Derek Roy in neutral zone.
9:07 of 2nd period - Wrist shot by Andrei Kostitsyn.
9:07 of 2nd period - Shot Hit the Post.
9:09 of 2nd period - Snap shot by Bryan McCabe.
9:09 of 2nd period - Shot Misses the Net.
9:11 of 2nd period - Slapshot by Bryan McCabe.
9:11 of 2nd period - Shot Misses the Net.
9:27 of 2nd period - Colin White is hit by Mattias Weinhandl and loses puck.
9:34 of 2nd period - Slapshot by Dmitri Kalinin.
9:34 of 2nd period - Stopped by Jean-Sébastien Giguère with a rebound.
9:36 of 2nd period - Slapshot by Derek Roy.
9:36 of 2nd period - Shot Misses the Net.
9:38 of 2nd period - Slapshot by Dmitri Kalinin.
9:38 of 2nd period - Shot Blocked by Chris Pronger.
9:40 of 2nd period - Slapshot by Mark Streit.
9:40 of 2nd period - Shot Misses the Net.
9:42 of 2nd period - Slapshot by Derek Roy.
9:42 of 2nd period - Shot Misses the Net.
9:44 of 2nd period - Wrist shot by Dustin Brown.
9:44 of 2nd period - Stopped by Jean-Sébastien Giguère with a rebound.
9:46 of 2nd period - Slapshot by Dmitri Kalinin.
9:46 of 2nd period - Deflect By Benoit Pouliot.
9:46 of 2nd period - Stopped by Jean-Sébastien Giguère without a rebound.
9:47 of 2nd period - Pierre-Marc Bouchard wins face-off versus Mikko Koivu in Nordiques zone.
9:56 of 2nd period - Wrist shot by Andrei Kostitsyn.
9:56 of 2nd period - Shot Misses the Net.
9:58 of 2nd period - Wrist shot by Jordan Eberle.
9:58 of 2nd period - Shot Misses the Net.
10:37 of 2nd period - William Colbert is hit by Greg Campbell and loses puck.
11:06 of 2nd period - Snap shot by Jordan Eberle.
11:06 of 2nd period - Shot Misses the Net.
11:40 of 2nd period - Minor Penalty to Marek Zidlicky for Hooking.
11:41 of 2nd period - Peter Prucha wins face-off versus Derek Roy in Jets zone.
12:30 of 2nd period - Wrist shot by Mike York.
12:30 of 2nd period - Stopped by Ilya Bryzgalov without a rebound.
12:31 of 2nd period - Jeff Halpern wins face-off versus Derek Roy in Jets zone.
12:32 of 2nd period - Wrist shot by Mike York.
12:32 of 2nd period - Deflect By Mattias Weinhandl.
12:32 of 2nd period - Stopped by Ilya Bryzgalov without a rebound.
12:33 of 2nd period - Pierre-Marc Bouchard wins face-off versus Derek Roy in Jets zone.
12:36 of 2nd period - Snap shot by Andrei Kostitsyn.
12:36 of 2nd period - Shot Misses the Net.
12:40 of 2nd period - Wrist shot by Andrei Kostitsyn.
12:40 of 2nd period - Stopped by Ilya Bryzgalov without a rebound.
12:41 of 2nd period - Pierre-Marc Bouchard wins face-off versus Derek Roy in Jets zone.
12:52 of 2nd period - Slapshot by Andrei Kostitsyn.
12:52 of 2nd period - Stopped by Ilya Bryzgalov without a rebound.
12:53 of 2nd period - Pierre-Marc Bouchard wins face-off versus Derek Roy in Jets zone.
13:40 of 2nd period - Penalty to Marek Zidlicky is over, Marek Zidlicky is back on ice.
14:12 of 2nd period - Wrist shot by Mattias Weinhandl.
14:12 of 2nd period - Shot Misses the Net.
14:14 of 2nd period - Snap shot by Rickard Wallin.
14:14 of 2nd period - Stopped by Ilya Bryzgalov with a rebound.
14:16 of 2nd period - Wrist shot by Mike York.
14:16 of 2nd period - Shot Blocked by Tom Preissing.
14:18 of 2nd period - Wrist shot by Mike York.
14:18 of 2nd period - Shot Blocked by Colin White.
14:20 of 2nd period - Snap shot by Nick Schultz.
14:20 of 2nd period - Shot Blocked by Colin White.
15:42 of 2nd period - Dustin Brown is hit by Peter Prucha and loses puck.
16:34 of 2nd period - Dmitri Kalinin is hit by Andrei Kostitsyn and loses puck.
16:47 of 2nd period - Mikko Koivu is hit by Mike York and loses puck.
17:22 of 2nd period - Ed Jovanovski is hit by Derek Roy and loses puck.
17:33 of 2nd period - Jussi Jokinen is hit by Ed Jovanovski.
18:13 of 2nd period - Snap shot by Tuomo Ruutu.
18:13 of 2nd period - Stopped by Jean-Sébastien Giguère without a rebound.
18:14 of 2nd period - Tyler Arnason wins face-off versus Derek Roy in Nordiques zone.
19:24 of 2nd period - Jordan Leopold is hit by Michal Rozsival and loses puck.
19:43 of 2nd period - Slapshot by Bryan McCabe.
19:43 of 2nd period - Goal by Bryan McCabe - Jets : 1 - Nordiques : 1.
19:44 of 2nd period - Derek Roy wins face-off versus Pierre-Marc Bouchard in neutral zone.
Goals for this period are 1 for Jets vs 1 for Nordiques.
Shots for this period are 6 for Jets vs 10 for Nordiques.
3rd period
0:01 of 3rd period - Derek Roy wins face-off versus Pierre-Marc Bouchard in neutral zone.
0:15 of 3rd period - Slapshot by Derek Roy.
0:15 of 3rd period - Stopped by Jean-Sébastien Giguère with a rebound.
0:21 of 3rd period - Marek Zidlicky is hit by Andrei Kostitsyn and loses puck.
1:06 of 3rd period - Wrist shot by Derek Roy.
1:06 of 3rd period - Stopped by Jean-Sébastien Giguère without a rebound.
1:07 of 3rd period - Peter Prucha wins face-off versus Mikko Koivu in Nordiques zone.
1:07 of 3rd period - Peter Prucha is hit by Mikko Koivu.
1:10 of 3rd period - Minor Penalty to Jordan Leopold for Tripping.
1:11 of 3rd period - Pierre-Marc Bouchard wins face-off versus Mikko Koivu in Nordiques zone.
2:23 of 3rd period - Snap shot by Jordan Eberle.
2:23 of 3rd period - Shot Misses the Net.
3:10 of 3rd period - Penalty to Jordan Leopold is over, Jordan Leopold is back on ice.
3:48 of 3rd period - Minor Penalty to Marek Zidlicky for Hooking.
3:49 of 3rd period - Jordan Eberle wins face-off versus Derek Roy in Jets zone.
4:00 of 3rd period - Wrist shot by Andrei Kostitsyn.
4:00 of 3rd period - Goal by Andrei Kostitsyn - Jets : 1 - Nordiques : 2.
4:01 of 3rd period - Pierre-Marc Bouchard wins face-off versus Derek Roy in neutral zone.
4:03 of 3rd period - Off-side.
4:04 of 3rd period - Pierre-Marc Bouchard wins face-off versus Derek Roy in neutral zone.
4:51 of 3rd period - Snap shot by Fredrik Sjostrom.
4:51 of 3rd period - Shot Misses the Net.
4:53 of 3rd period - Snap shot by Dmitri Kalinin.
4:53 of 3rd period - Stopped by Jean-Sébastien Giguère with a rebound.
4:55 of 3rd period - Wrist shot by Fredrik Sjostrom.
4:55 of 3rd period - Shot Misses the Net.
4:57 of 3rd period - Snap shot by Mark Streit.
4:57 of 3rd period - Deflect By Fredrik Sjostrom.
4:57 of 3rd period - Shot Hit the Post.
4:57 of 3rd period - Puck is out of play.
4:58 of 3rd period - Benoit Pouliot wins face-off versus Pierre-Marc Bouchard in Nordiques zone.
4:59 of 3rd period - Snap shot by Derek Roy.
4:59 of 3rd period - Stopped by Jean-Sébastien Giguère with a rebound.
5:34 of 3rd period - Wrist shot by Patrik Elias.
5:34 of 3rd period - Stopped by Ilya Bryzgalov without a rebound.
5:35 of 3rd period - Pierre-Marc Bouchard wins face-off versus Derek Roy in Jets zone.
6:04 of 3rd period - Off-side.
6:05 of 3rd period - Mikko Koivu wins face-off versus Peter Prucha in neutral zone.
6:16 of 3rd period - Snap shot by Adam Burish.
6:16 of 3rd period - Stopped by Jean-Sébastien Giguère with a rebound.
6:18 of 3rd period - Snap shot by Mikko Koivu.
6:18 of 3rd period - Shot Blocked by Nick Schultz.
6:20 of 3rd period - Snap shot by Mark Streit.
6:20 of 3rd period - Shot Blocked by Ed Jovanovski.
6:22 of 3rd period - Slapshot by Mark Streit.
6:22 of 3rd period - Shot Blocked by Nick Schultz.
6:24 of 3rd period - Snap shot by Mikko Koivu.
6:24 of 3rd period - Shot Blocked by Patrik Elias.
6:26 of 3rd period - Wrist shot by Jussi Jokinen.
6:26 of 3rd period - Stopped by Jean-Sébastien Giguère with a rebound.
6:44 of 3rd period - Snap shot by Jussi Jokinen.
6:44 of 3rd period - Shot Blocked by Ed Jovanovski.
6:46 of 3rd period - Wrist shot by Jussi Jokinen.
6:46 of 3rd period - Stopped by Jean-Sébastien Giguère with a rebound.
6:48 of 3rd period - Slapshot by Michal Rozsival.
6:48 of 3rd period - Stopped by Jean-Sébastien Giguère without a rebound.
6:49 of 3rd period - Pierre-Marc Bouchard wins face-off versus Derek Roy in Nordiques zone.
6:56 of 3rd period - Snap shot by Pierre-Marc Bouchard.
6:56 of 3rd period - Shot Misses the Net.
6:58 of 3rd period - Snap shot by Andrei Kostitsyn.
6:58 of 3rd period - Stopped by Ilya Bryzgalov with a rebound.
7:00 of 3rd period - Snap shot by Jordan Eberle.
7:00 of 3rd period - Stopped by Ilya Bryzgalov with a rebound.
7:02 of 3rd period - Snap shot by Andrei Kostitsyn.
7:02 of 3rd period - Stopped by Ilya Bryzgalov with a rebound.
7:04 of 3rd period - Slapshot by Bryan McCabe.
7:04 of 3rd period - Stopped by Ilya Bryzgalov with a rebound.
7:14 of 3rd period - Mattias Weinhandl is hit by Fredrik Sjostrom and loses puck.
7:31 of 3rd period - Minor Penalty to Mattias Weinhandl for Hooking.
7:32 of 3rd period - Dustin Brown wins face-off versus Pierre-Marc Bouchard in Nordiques zone.
8:01 of 3rd period - Wrist shot by Adam Burish.
8:01 of 3rd period - Goal by Adam Burish - Jets : 2 - Nordiques : 2.
8:02 of 3rd period - Dustin Brown wins face-off versus Pierre-Marc Bouchard in neutral zone.
8:33 of 3rd period - Bryan McCabe is hit by Dmitri Kalinin and loses puck.
8:40 of 3rd period - Wrist shot by Adam Burish.
8:40 of 3rd period - Stopped by Jean-Sébastien Giguère without a rebound.
8:41 of 3rd period - Jussi Jokinen wins face-off versus Tyler Arnason in Nordiques zone.
8:56 of 3rd period - Backhand shot by Patrik Elias.
8:56 of 3rd period - Stopped by Ilya Bryzgalov without a rebound.
8:57 of 3rd period - Jordan Eberle wins face-off versus Derek Roy in Jets zone.
9:26 of 3rd period - Off-side.
9:27 of 3rd period - Tyler Arnason wins face-off versus Mikko Koivu in neutral zone.
9:37 of 3rd period - Wrist shot by Jussi Jokinen.
9:37 of 3rd period - Stopped by Jean-Sébastien Giguère with a rebound.
9:58 of 3rd period - Wrist shot by Benoit Pouliot.
9:58 of 3rd period - Stopped by Jean-Sébastien Giguère with a rebound.
10:00 of 3rd period - Wrist shot by Marek Zidlicky.
10:00 of 3rd period - Shot Blocked by Andrei Kostitsyn.
10:02 of 3rd period - Snap shot by Derek Roy.
10:02 of 3rd period - Goal by Derek Roy - Jets : 3 - Nordiques : 2.
10:03 of 3rd period - Pierre-Marc Bouchard wins face-off versus Benoit Pouliot in neutral zone.
10:28 of 3rd period - Michal Rozsival is hit by Tyler Arnason and loses puck.
10:55 of 3rd period - Mark Streit is hit by Mattias Weinhandl and loses puck.
11:08 of 3rd period - Jonathan Cheechoo is hit by Tuomo Ruutu and loses puck.
11:21 of 3rd period - Backhand shot by Tuomo Ruutu.
11:21 of 3rd period - Stopped by Jean-Sébastien Giguère without a rebound.
11:22 of 3rd period - Pierre-Marc Bouchard wins face-off versus Derek Roy in Nordiques zone.
11:38 of 3rd period - Icing by Marek Zidlicky.
11:39 of 3rd period - Derek Roy wins face-off versus Tyler Arnason in Jets zone.
11:52 of 3rd period - Snap shot by Derek Roy.
11:52 of 3rd period - Stopped by Jean-Sébastien Giguère with a rebound.
11:54 of 3rd period - Slapshot by Marek Zidlicky.
11:54 of 3rd period - Stopped by Jean-Sébastien Giguère without a rebound.
11:55 of 3rd period - Pierre-Marc Bouchard wins face-off versus Greg Campbell in Nordiques zone.
12:32 of 3rd period - Snap shot by Benoit Pouliot.
12:32 of 3rd period - Shot Blocked by Peter Prucha.
12:53 of 3rd period - Wrist shot by Mikko Koivu.
12:53 of 3rd period - Shot Misses the Net.
13:06 of 3rd period - Mike York is hit by Adam Burish and loses puck.
13:19 of 3rd period - Wrist shot by Adam Burish.
13:19 of 3rd period - Shot Misses the Net.
13:31 of 3rd period - Wrist shot by Jordan Leopold.
13:31 of 3rd period - Deflect By Mike York.
13:31 of 3rd period - Shot Misses the Net.
13:31 of 3rd period - Puck is out of play.
13:32 of 3rd period - Pierre-Marc Bouchard wins face-off versus Derek Roy in Jets zone.
13:35 of 3rd period - Snap shot by Pierre-Marc Bouchard.
13:35 of 3rd period - Shot Misses the Net.
13:47 of 3rd period - Slapshot by Andrei Kostitsyn.
13:47 of 3rd period - Shot Misses the Net.
14:08 of 3rd period - Snap shot by Ales Kotalik.
14:08 of 3rd period - Stopped by Jean-Sébastien Giguère with a rebound.
14:22 of 3rd period - Wrist shot by Ryan Bayda.
14:22 of 3rd period - Shot Blocked by Tom Preissing.
15:21 of 3rd period - Wrist shot by Jussi Jokinen.
15:21 of 3rd period - Stopped by Jean-Sébastien Giguère without a rebound.
15:22 of 3rd period - Mikko Koivu wins face-off versus Rickard Wallin in Nordiques zone.
15:23 of 3rd period - Wrist shot by Adam Burish.
15:23 of 3rd period - Stopped by Jean-Sébastien Giguère with a rebound.
15:25 of 3rd period - Slapshot by Jussi Jokinen.
15:25 of 3rd period - Shot Blocked by Mike York.
15:27 of 3rd period - Slapshot by Michal Rozsival.
15:27 of 3rd period - Stopped by Jean-Sébastien Giguère with a rebound.
16:05 of 3rd period - Snap shot by Mikko Koivu.
16:05 of 3rd period - Shot Misses the Net.
16:07 of 3rd period - Slapshot by Tom Preissing.
16:07 of 3rd period - Deflect By Mike York.
16:07 of 3rd period - Stopped by Jean-Sébastien Giguère with a rebound.
16:09 of 3rd period - Slapshot by Marek Zidlicky.
16:09 of 3rd period - Shot Blocked by William Colbert.
16:15 of 3rd period - Snap shot by Adam Burish.
16:15 of 3rd period - Stopped by Jean-Sébastien Giguère without a rebound.
16:16 of 3rd period - Greg Campbell wins face-off versus Pierre-Marc Bouchard in Nordiques zone.
16:17 of 3rd period - Snap shot by Ales Kotalik.
16:17 of 3rd period - Shot Misses the Net.
16:19 of 3rd period - Slapshot by Michal Rozsival.
16:19 of 3rd period - Shot Blocked by Ed Jovanovski.
16:21 of 3rd period - Wrist shot by Fredrik Sjostrom.
16:21 of 3rd period - Goal by Fredrik Sjostrom - Jets : 4 - Nordiques : 2.
16:22 of 3rd period - Greg Campbell wins face-off versus Pierre-Marc Bouchard in neutral zone.
16:27 of 3rd period - Snap shot by Greg Campbell.
16:27 of 3rd period - Goal by Greg Campbell - Jets : 5 - Nordiques : 2.
16:28 of 3rd period - Pierre-Marc Bouchard wins face-off versus Derek Roy in neutral zone.
17:15 of 3rd period - Minor Penalty to Rickard Wallin for Holding.
17:16 of 3rd period - Derek Roy wins face-off versus Pierre-Marc Bouchard in Nordiques zone.
17:57 of 3rd period - Off-side.
17:58 of 3rd period - Pierre-Marc Bouchard wins face-off versus Mikko Koivu in neutral zone.
18:08 of 3rd period - Icing by Michal Rozsival.
18:09 of 3rd period - Derek Roy wins face-off versus Pierre-Marc Bouchard in Jets zone.
18:36 of 3rd period - Michal Rozsival is hit by Chris Pronger and loses puck.
19:15 of 3rd period - Penalty to Rickard Wallin is over, Rickard Wallin is back on ice.
19:38 of 3rd period - Minor Penalty to Ryan Bayda for Hooking.
19:39 of 3rd period - Pierre-Marc Bouchard wins face-off versus Derek Roy in Nordiques zone.
Goals for this period are 4 for Jets vs 1 for Nordiques.
Shots for this period are 24 for Jets vs 7 for Nordiques.
Output by the SimonT Hockey Simulator (STHS) for François Prévost -- Original Page W3C XHTML 1.0 Valid